 Dungeon Crawl Stone Soup version 0.31-a0-963-ga325b2283a (webtiles) character file.

Game seed: 15484359803664579816

401 skwerlee the Chopper (level 6, -12/56 HPs)
             Began as a Hill Orc Fighter on Oct 25, 2023.
             Mangled by an ogre
             ... wielding a +0 giant spiked club
              (16 damage)
             ... on level 5 of the Dungeon.
             The game lasted 00:06:20 (2885 turns).

skwerlee the Chopper (Hill Orc Fighter)             Turns: 2885, Time: 00:06:20

Health: -12/56     AC:  6    Str: 21    XL:     6   Next: 85%
Magic:  6/6        EV:  9    Int:  8    God:
Gold:   137        SH:  4    Dex: 10    Spells: 5/5 levels left

rFire   . . .        a - +0 war axe
rCold   . . .        c - +0 buckler
rNeg    . . .        b - +0 scale mail
rPois   .            (no helmet)
rElec   .            (no cloak)
rCorr   .            (no gloves)
SInv    .            (no boots)
Will    .....        k - amulet of regeneration Stlth
                     (no ring)
HPRegen 1.09/turn    (no ring)
MPRegen 0.10/turn

%: no passive effects
@: no status effects
A: no striking features
a: no special abilities


You were on level 5 of the Dungeon.
You visited 1 branch of the dungeon, and saw 5 of its levels.

You collected 170 gold pieces.
You spent 33 gold pieces at shops.

Inventory:

Hand Weapons
 a - a +0 war axe (weapon)
Armour
 b - a +0 scale mail (worn)
 c - a +0 buckler (worn)
Jewellery
 i - an amulet of guardian spirit
 k - an amulet of regeneration (around neck)
 q - an amulet of faith
 y - an amulet of magic regeneration
Wands
 t - a wand of paralysis (8)
Scrolls
 f - a scroll of enchant weapon {unknown}
 l - a scroll of immolation {unknown}
 o - a scroll of fear {unknown}
 r - a scroll of noise {unknown}
 s - a scroll of vulnerability {unknown}
 u - a scroll of blinking {unknown}
 v - 2 scrolls of identify {unknown}
 w - a scroll of fog {unknown}
 x - a scroll of teleportation {unknown}
Potions
 d - 4 potions of might
 e - 3 potions of attraction
 g - 2 potions of curing
 h - a potion of heal wounds {unknown}
 j - a potion of haste {unknown}
 m - 2 potions of lignification {unknown}
 n - a potion of resistance {unknown}
 p - a potion of invisibility {unknown}


   Skills:
 + Level 5.2 Fighting
 + Level 7.9 Axes
 - Level 3.6 Armour
 - Level 3.6 Shields


You had 5 spell levels left.
You didn't know any spells.
Your spell library contained the following spells:

 Spells                   Type           Power      Damage    Failure   Level
 Magic Dart               Conj           0%         1d3       82%         1
 Ensorcelled Hibernation  Hex/Ice        0%         N/A       91%         2
 Jinxbite                 Hex            0%         N/A       91%         2
 Searing Ray              Conj           0%         2d4       91%         2
 Anguish                  Hex/Necr       0%         N/A       100%        4
 Fulminant Prism          Conj/Hex       0%         3d5       100%        4


Dungeon Overview and Level Annotations

Branches:
Dungeon (5/15)
 Temple: D:4-7

Altars:
Xom

Shops:
D:1 !   D:3 =   D:4 *

Annotations:
D:4 3 runed translucent doors, Sundig's ghost, amateur DsFi


Message History

You kill the orc!
The gnoll hits you from afar with a +0 halberd!
An iguana comes into view.
You hit the orc.
The orc is almost dead.
The orc hits you but does no damage.
The orc wizard casts a spell.
The orc wizard flickers and vanishes!
Deactivating autopickup; reactivate with Ctrl-A.
The gnoll hits you from afar with a +0 halberd!
You hit the orc.
You kill the orc!
A gnoll comes into view. It is wielding a +0 spear.
A gnoll comes into view. It is wielding a +3 whip of venom.
The gnoll hits you from afar with a +0 halberd!
The gnoll attacks as it pursues you! The gnoll barely misses you.
You hit the gnoll.
The gnoll is heavily wounded.
An orc comes into view. It is wielding a +0 whip.
The gnoll hits you from afar with a +0 halberd.
The gnoll closely misses you.
You slash the gnoll!
You kill the gnoll!
The gnoll hits you from afar with a +0 halberd!
The iguana bites you but does no damage.
You hit the iguana.
The iguana is lightly wounded.
The gnoll barely misses you. The iguana bites you.
You slash the iguana!
The iguana is heavily wounded.
You block the iguana's attack.
You slash the iguana!
You kill the iguana!
You barely miss the ogre.
The ogre hits you with a +0 giant spiked club!!
* * * LOW HITPOINT WARNING * * *
The gnoll barely misses you.
You barely miss the ogre. The gnoll closely misses you.
The ogre hits you with a +0 giant spiked club!
You die...

...............
################'###..###
..................##..#..
..................#...#..
..................#...#..
..................#...#..
..................#...#..
..[...............'...#..
.......O@.........#...#..
...###g####>.....##...#..
g{. #......#....#.. #!..
#......#....+.. #..g
#......#....#<. #...
#......###+##.. #...
#.............. ####
#######......## #......#


You could see an ogre and 2 gnolls.

Vanquished Creatures
  An ogre (D:4)
  2 jellies (D:5)
  Jessica (D:2)
  An iguana (D:5)
  A gnoll (D:5)
  10 adders
  3 worms
  2 dart slugs (D:1)
  3 orcs (D:5)
  4 ball pythons
  6 endoplasms
  2 giant cockroaches
  6 goblins
  7 hobgoblins
  12 jackals
  7 kobolds
  6 quokkas
  6 bats
  4 frilled lizards
  4 rats
88 creatures vanquished.

Notes
Turn   | Place    | Note
-------+----------+-------------------------------------------
     0 | D:1      | skwerlee the Hill Orc Fighter began the quest for the Orb.
     0 | D:1      | Reached XP level 1. HP: 19/19 MP: 1/1
    81 | D:1      | Reached XP level 2. HP: 26/27 MP: 2/2
   213 | D:1      | Reached skill level 3 in Axes
   316 | D:1      | Reached XP level 3. HP: 33/33 MP: 3/3
   526 | D:1      | Found Kusoal's Distillery.
   529 | D:1      | Bought a potion of curing for 33 gold pieces
   776 | D:2      | Noticed Jessica
   792 | D:2      | Killed Jessica
   793 | D:2      | Reached skill level 4 in Axes
   793 | D:2      | Reached XP level 4. HP: 27/40 MP: 4/4
  1031 | D:2      | Reached skill level 5 in Axes
  1283 | D:2      | Reached XP level 5. HP: 47/47 MP: 5/5
  1360 | D:2      | You fall into a shaft and drop 1 floor!
  1450 | D:3      | Found Umiuhyo's One-of-a-Kind Rings.
  1903 | D:3      | Reached skill level 6 in Axes
  2250 | D:4      | Noticed an ogre
  2260 | D:4      | Killed an ogre
  2261 | D:4      | Reached skill level 5 in Fighting
  2261 | D:4      | Reached XP level 6. HP: 56/56 MP: 6/6
  2338 | D:4      | Found a runed translucent gate.
  2339 | D:4      | Found a runed translucent gate.
  2339 | D:4      | Noticed Sundig's ghost (amateur DsFi)
  2340 | D:4      | Found a runed translucent gate.
  2518 | D:4      | Found Fedaj's Assorted Antiques.
  2563 | D:4      | Found a shimmering altar of Xom.
  2563 | D:4      | Found a shimmering altar of Xom.
  2568 | D:4      | Found a shimmering altar of Xom.
  2570 | D:4      | Found a shimmering altar of Xom.
  2570 | D:4      | Found a shimmering altar of Xom.
  2710 | D:5      | Entered Level 5 of the Dungeon
  2767 | D:5      | Reached skill level 7 in Axes
  2885 | D:5      | Mangled by an ogre

Illustrated notes

Levels and vault maps discovered:
D:1:      eino_arrival_cavern_e, layout_loops_ring, serial_shops,
          nicolae_shop_real_fake_doors
D:2:      layout_basic, uniq_jessica
D:3:      layout_loops_corners, nicolae_shop_unique_rings
D:4:      layout_rooms, xom_redecorated, serial_shops, nicolae_take_the_stairs,
          gammafunk_ghost_split
D:5:      layout_gridville, minmay_temple_entry_stoned_glass,
          nicolae_twisty_statue_hallways

Skill      XL: |  1  2  3  4  5  6 |
---------------+-------------------+-----
Axes           | 3 4 5 6 7 |  7.9
Fighting       | 4 5 |  5.2
Armour         | |  3.6
Shields        | |  3.6

Action                     |  1- 3 |  4- 6 || total
---------------------------+-------+-------++-------
  Melee: War axe           |   101 |   149 ||   250
  Evoke: Wand              |       |     1 ||     1
    Use: Potion            |     1 |       ||     1
         Scroll            |       |     1 ||     1
   Stab: Paralysed         |       |     5 ||     5
 Armour: Scale mail        |    67 |    96 ||   163
  Dodge: Dodged            |    37 |    73 ||   110
  Block: Buckler           |    19 |    28 ||    47

Table legend: (Time is in decaauts)
 A = Elapsed time spent in this place.
 B = Non-inter-level travel time spent in this place.
 C = Inter-level travel time spent in this place.
 D = Time resting spent in this place.
 E = Time spent auto-exploring this place.
 F = Levels seen in this place.
 G = Mean time per level.
                   A        B        C        D        E       F      G
               +--------+--------+--------+--------+--------+-----+--------+
         Total |   2956 |   2851 |    105 |     47 |   2216 |   5 |  591.2 |
       Dungeon |   2956 |   2851 |    105 |     47 |   2216 |   5 |  591.2 |
               +--------+--------+--------+--------+--------+-----+--------+

Top non-repeatable levels by time:
     D:3: 835 daAuts
     D:1: 800 daAuts
     D:2: 607 daAuts
     D:4: 533 daAuts
     D:5: 179 daAuts
